 Dungeon Crawl Stone Soup version 0.29-a0-234-g0dae59b3db (webtiles) character file.

Game seed: 1415013251064917865

4534 enile the Fighter (level 10, -11/119 HPs)
             Began as an Ogre Fire Elementalist on Mar 2, 2022.
             Was an Elder of Ashenzari.
             Mangled by an orc warrior
             ... wielding a +0 glaive
              (20 damage)
             ... on level 10 of the Dungeon.
             The game lasted 00:15:41 (9759 turns).

enile the Fighter (Ogre Fire Elementalist)          Turns: 9759, Time: 00:15:42

Health: -11/119    AC:  7    Str: 14    XL:     10   Next: 39%
Magic:  15/20      EV: 11    Int: 27    God:    Ashenzari [****..]
Gold:   400        SH:  0    Dex:  9    Spells: 12/22 levels left

rFire   . . .      SeeInvis +   J - +10 war axe of Cremastomancy {flame, Int+7, Elem, Evo} (curse)
rCold   . . .      Faith    .   (no shield)
rNeg    . . .      Spirit   .   y - +2 robe "Share My Sorrow" {Will+, Evo, Cun} (curse)
rPois   .          Reflect  .   u - +2 hat of Ashenzari's Bitterness {Cun, Self} (curse)
rElec   .          Harm     .   H - scarf of Ashenzari's Inaction {repulsion, Fort, Elem} (curse)
rCorr   .          Rampage  .   (gloves unavailable)
Will    ++...      Clarity  +   (boots unavailable)
Stlth   ++........              n - amulet of the Lashed Augur {RegenMP, Elem, Comp} (curse)
HPRegen 0.29/turn               (no ring)
MPRegen 0.57/turn               (no ring)

@: repel missiles
A: large, unfitting armour, tough skin 1
a: Renounce Religion, Shatter the Chains


You were on level 10 of the Dungeon.
You worshipped Ashenzari.
Ashenzari was greatly pleased with you.
You visited 1 branch of the dungeon, and saw 9 of its levels.

You collected 424 gold pieces.
You spent 24 gold pieces at shops.

Inventory:

Hand Weapons
 h - a +0 falchion
 x - a +1 war axe of draining
 F - a +4 quarterstaff of chaos
 J - the cursed +10 war axe of Cremastomancy (weapon) {flame, Int+7, Elem, Evo}
   (You found it on level 9 of the Dungeon)

   It burns those it strikes, dealing additional fire damage.
   Big, fiery blades are also staple armaments of hydra-hunters.
   Int:       It affects your intelligence (+7).
   It has a curse which improves the following skills: Elements: Fire Magic, Ice
   Magic, Air Magic and Earth Magic.
   Evocations: Evocations.
 K - a +4 war axe
Armour
 a - a +0 robe
 u - the cursed +2 hat of Ashenzari's Bitterness (worn) {Cun, Self}
   (You found it on level 3 of the Dungeon)

   It has a curse which improves the following skills: Cunning: Dodging and
   Stealth.
   Introspection: Fighting and Spellcasting.
 y - the cursed +2 robe "Share My Sorrow" (worn) {Will+, Evo, Cun}
   (You found it on level 6 of the Dungeon)

   It has a curse which improves the following skills: Evocations: Evocations.
   Cunning:   Dodging and Stealth.
 H - the cursed scarf of Ashenzari's Inaction (worn) {repulsion, Fort, Elem}
   (You found it on level 8 of the Dungeon)

   It has a curse which improves the following skills: Fortitude: Armour and
   Shields.
   Elements:  Fire Magic, Ice Magic, Air Magic and Earth Magic.
 I - +0 steam dragon scales
Magical Staves
 v - a staff of earth
Jewellery
 n - the cursed amulet of the Lashed Augur (around neck) {RegenMP, Elem, Comp}
   (You found it on level 2 of the Dungeon)

   [amulet of magic regeneration]

   It increases your rate of magic regeneration.
   It has a curse which improves the following skills: Elements: Fire Magic, Ice
   Magic, Air Magic and Earth Magic.
   Companions: Summonings and Necromancy.
 s - a ring of flight
 G - a ring of ice
 L - a ring of protection from cold
Wands
 C - a wand of acid (2) (quivered)
 D - a wand of flame (18)
Scrolls
 b - 2 scrolls of holy word
 e - 2 scrolls of teleportation
 g - a scroll of immolation
 i - a scroll of magic mapping
 k - 3 scrolls of blinking
 l - 2 scrolls of amnesia
 m - 2 scrolls of fog
 o - a scroll of noise
 p - 2 scrolls of fear
 q - 2 scrolls of torment
 E - 2 scrolls of enchant weapon
Potions
 c - a potion of haste
 d - 4 potions of heal wounds
 f - 2 potions of degeneration
 j - 2 potions of resistance
 r - a potion of curing
 t - a potion of attraction
 w - 3 potions of brilliance
 z - a potion of flight
 A - 2 potions of berserk rage
 B - a potion of cancellation


   Skills:
 + Level 11.1(13.0) Fighting
 - Level 3.0 Axes
 - Level 3.0(4.6) Armour
 - Level 3.8(6.4) Dodging
 - Level 1.4(3.3) Stealth
 - Level 4.8(6.7) Spellcasting
 - Level 0.8 Conjurations
 - Level 7.8(11.7) Fire Magic
 - Level 4.5(7.3) Evocations


You had 12 spell levels left.
You knew the following spells:

 Your Spells              Type           Power      Damage    Failure   Level
a - Foxfire               Conj/Fire      100%       2x1d9     1%          1
b - Scorch                Fire           100%       2d10      1%          2
c - Inner Flame           Hex/Fire       40%        N/A       1%          3
d - Flame Wave            Conj/Fire      43%        2d9       4%          4

Your spell library contained the following spells:

 Spells                   Type           Power      Damage    Failure   Level
 Conjure Flame            Conj/Fire      43%        6-21      1%          3
 Animate Skeleton         Necr           20%        N/A       5%          1
 Summon Small Mammal      Summ           40%        N/A       5%          1
 Apportation              Tloc           18%        N/A       6%          1
 Beastly Appendage        Tmut           18%        N/A       6%          1
 Wereblood                Tmut           9%         N/A       9%          2
 Ozocubu's Armour         Ice            11%        N/A       14%         3
 Dazzling Flash           Conj/Hex       22%        N/A       16%         3
 Spider Form              Tmut/Pois      9%         N/A       19%         3
 Tukima's Dance           Hex            9%         N/A       19%         3
 Anguish                  Hex/Necr       4%         N/A       50%         4
 Agony                    Necr           10%        N/A       83%         5
 Silence                  Hex/Air        5%         N/A       83%         5
 Enfeeble                 Hex            4%         N/A       100%        7
 Ozocubu's Refrigeration  Ice            5%         4d6       100%        7


Dungeon Overview and Level Annotations

Branches:
Dungeon (10/15)            Temple (0/1) D:7             Orc (0/2) D:10
   Lair: D:8-11

Altars:
Ashenzari
Kikubaaqudgha
Vehumet

Shops:
D:1 :   D:2 *   D:4 [   D:6 (


Innate Abilities, Weirdness & Mutations

You are too large for most types of armour.
You have tough skin. (AC +1)


Message History

The foxfire hits the orc warrior but does no damage.
The orc warrior is almost dead.
The orc warrior hits you from afar with a +0 glaive!
* * * LOW HITPOINT WARNING * * *
There are monsters nearby!
Aiming: Corrosive Bolt
Press: ? - help, Q - select action, (/) - cycle Shift-Dir - straight line, f - orc wizard
Aim: an orc wizard, wielding a +0 dagger and wearing a +0 robe (67% to hit)
The bolt of acid hits the orc wizard!
The acid corrodes the orc wizard!
The orc wizard is severely wounded.
The orc warrior is no longer more vulnerable to fire.
The orc warrior hits you from afar with a +0 glaive!
* * * LOW HITPOINT WARNING * * *
The orc wizard hits you but does no damage.
Unknown command.
Unknown command.
Unknown command.
Unknown command.
Casting: Foxfire (safe; 1% risk of failure)
Confirm with . or Enter, or press ? or * to list all spells.
Okay, then.
Casting: Foxfire (safe; 1% risk of failure)
Confirm with . or Enter, or press ? or * to list all spells.
Casting: Flame Wave (dangerous; 4% risk of failure)
Press: ? - help, Dir - look around, f - activate A wave of flame ripples out! (Press . to intensify the flame waves.)
A wave of flame ripples out!
The flame wave engulfs the orc warrior but does no damage.
The orc warrior is almost dead.
The orc warrior hits you from afar with a +0 glaive!!
* * * LOW HITPOINT WARNING * * *
A wave of flame ripples out!
The flame wave engulfs the orc warrior.
The orc warrior is almost dead.
The flame wave engulfs the orc wizard!
You kill the orc wizard!
You finish channelling waves of flame.
You hear a shout! x2
The orc warrior hits you from afar with a +0 glaive!!
You die...

,,.########...##########
,##....##...##.......# ,
*, ,
,#.........).#....>..# , ,
,#...........#.......#
#...........'.......### *
,,.
##..........#.......... ,,
..##..........#..........
,
..............#..........
, ,
,........@.....#..........
, , ,,
.##..).##.##.#....>.....
,, ,, ,
#..o################## , ,
+..)##8** , *8 * +* #..) ,
∆* , ,* , *#... , ,,{ ,,,
, ,,, #... ,,+ ,, ,,,
*#..) , ,,, , ,, , ,,* , ,
,*.... ,*,, , ,


You could see an orc warrior.

Vanquished Creatures
  A deep elf pyromancer (D:9)
  A meliai (shapeshifter) (D:9)
  A hornet (D:9)
  A wyvern (D:9)
  Grum (D:8)
  A steam dragon (D:8)
  3 water moccasins
  Duvessa (D:7)
  A black bear (D:6)
  6 orc warriors
  An ice beast (D:6)
  A centaur (D:7)
  4 wolves (D:8)
  A kobold brigand (D:8)
  6 bullfrogs
  10 wights
  Dowan (D:7)
  Crazy Yiuf (D:7)
  3 hounds
  4 jellies
  4 orc priests
  4 iguanas
  5 orc wizards
  A gnoll (D:1)
  2 adders
  A shadow imp (D:7)
  4 dart slugs
  32 orcs
  8 ball pythons
  5 bats
  6 endoplasms
  7 goblins
  5 hobgoblins
  11 kobolds
  3 quokkas
  5 frilled lizards
  4 rats
156 creatures vanquished.

Vanquished Creatures (others)
  417 foxfires
  6 withered plants (D:3)
423 creatures vanquished.

Grand Total: 579 creatures vanquished

Notes
Turn   | Place    | Note
-------+----------+-------------------------------------------
     0 | D:1      | enile the Ogre Fire Elementalist began the quest for the
                  | Orb.
     0 | D:1      | Reached XP level 1. HP: 16/16 MP: 3/3
   146 | D:1      | Reached skill level 1 in Fighting
   377 | D:1      | Reached skill level 2 in Fighting
   377 | D:1      | Reached XP level 2. HP: 11/28 MP: 0/5
   615 | D:1      | Learned a level 2 spell: Scorch
  1014 | D:1      | Reached skill level 3 in Fighting
  1239 | D:1      | Reached XP level 3. HP: 37/37 MP: 1/6
  1545 | D:1      | Reached skill level 4 in Fighting
  1866 | D:1      | Found Vuh Xumi's Book Shop.
  2204 | D:2      | Found an ancient bone altar of Kikubaaqudgha.
  2490 | D:2      | Reached XP level 4. HP: 48/48 MP: 6/8
  2554 | D:2      | Found Koty's General Store.
  2562 | D:2      | Bought a scroll of identify for 24 gold pieces
  3590 | D:3      | Found a faded altar of an unknown god.
  3603 | D:3      | Prayed at the altar of an unknown god.
  3603 | D:3      | Became a worshipper of Ashenzari the Shackled
  3915 | D:4      | Found Reif's Armour Boutique.
  3929 | D:4      | You fall into a shaft and drop 2 floors!
  3960 | D:6      | Reached XP level 5. HP: 55/55 MP: 7/11
  4003 | D:6      | Identified the +4 ring mail of Midwinter {rF- Slay+6}
  4041 | D:6      | Found Meapen Ziud's Weapon Emporium.
  4148 | D:6      | Reached skill level 5 in Fighting
  4148 | D:6      | Reached XP level 6. HP: 66/66 MP: 9/12
  4157 | D:6      | Noticed a water moccasin
  4164 | D:6      | Killed a water moccasin
  4165 | D:6      | Reached skill level 6 in Fighting
  4333 | D:6      | Noticed an ice beast
  4341 | D:6      | Killed an ice beast
  4342 | D:6      | Reached XP level 7. HP: 76/76 MP: 10/13
  4386 | D:6      | Reached skill level 5 in Fire Magic
  4410 | D:6      | Reached * piety under Ashenzari
  4741 | D:7      | Reached XP level 8. HP: 70/87 MP: 11/15
  4849 | D:7      | Found a staircase to the Ecumenical Temple.
  4978 | D:7      | Reached skill level 7 in Fighting
  5248 | D:7      | Noticed Duvessa
  5319 | D:8      | Learned a level 3 spell: Inner Flame
  5331 | D:7      | Killed Duvessa
  5332 | D:7      | Reached skill level 8 in Fighting
  5361 | D:7      | Noticed Dowan
  5368 | D:7      | Killed Dowan
  5576 | D:7      | Found a runed translucent door.
  5577 | D:7      | Noticed Crazy Yiuf
  5589 | D:7      | Reached ** piety under Ashenzari
  6663 | D:7      | Killed Crazy Yiuf
  6705 | D:8      | Reached XP level 9. HP: 70/101 MP: 15/18
  6884 | D:8      | Reached skill level 1 in Armour
  7112 | D:8      | Noticed Grum
  7141 | D:8      | Killed Grum
  7147 | D:8      | Learned a level 4 spell: Flame Wave
  7506 | D:8      | Reached *** piety under Ashenzari
  7640 | D:8      | Found a radiant altar of Vehumet.
  7781 | D:8      | Identified the +6 ring mail "Dimoafamm" {rC+ Str+5 Int-5}
  8055 | D:9      | Identified the +10 war axe of Uskayaw's Pride {flame,
                  | Int+7}
  8198 | D:9      | Noticed a deep elf pyromancer
  8202 | D:9      | Reached skill level 9 in Fighting
  8211 | D:9      | Killed a deep elf pyromancer
  8212 | D:9      | Reached skill level 10 in Fighting
  8363 | D:9      | Noticed a torpor snail
  8369 | D:9      | Noticed an eye of devastation
  8369 | D:9      | a torpor snail changed into an eye of devastation
  8662 | D:9      | Reached skill level 1 in Evocations
  8686 | D:9      | Noticed a hornet
  8696 | D:9      | Killed a hornet
  9018 | D:9      | Reached XP level 10. HP: 115/115 MP: 19/19
  9276 | D:9      | Reached skill level 1 in Axes
  9524 | D:10     | Entered Level 10 of the Dungeon
  9549 | D:10     | Reached **** piety under Ashenzari
  9692 | D:10     | Reached skill level 11 in Fighting
  9759 | D:10     | Mangled by an orc warrior

Illustrated notes

Levels and vault maps discovered:
D:1:      wheals_arrival_shading, layout_basic, serial_shops,
          nicolae_lakefront_shop, minivault_25
D:2:      layout_loops_ring, serial_shops, shop, basic_altar
D:3:      layout_loops_ring, ebering_ecumenical_altar_petrified,
          kennysheep_minor_cross, solitary_fountain
D:4:      layout_cave_pods, serial_shops, nicolae_diamond_shop,
          nicolae_inconvenience_store, kennysheep_mini_moat, shop,
          gammafunk_ghost_cemetery, st_stairs_2, skrybe_limestone_x
D:6:      wander_river, layout_rooms, nicolae_stop_n_shop_2
D:7:      layout_basic, minmay_temple_entry_purple_smoke, nrook_uturn,
          uniq_crazy_yiuf_cottage, uniq_duvessa
D:8:      layout_gridville, mainiacjoe_overflow_alcove_2, minmay_crystal_water,
          uniq_grum
D:9:      layout_gridville
D:10:     layout_gridville, minmay_lair_entry_grove, david_orc_4

Skill      XL: |  1  2  3  4  5  6  7  8  9 10 |
---------------+-------------------------------+-----
Fighting       | 2 3 4 5 6 8 10 11 | 11.1
Spellcasting   | 3 4 |  4.8
Fire Magic     | 3 4 6 7 |  7.8
Armour         | 3 |  3.0
Dodging        | 3 |  3.8
Evocations     | 3 4 |  4.5
Axes           | 3 |  3.0
Stealth        | |  1.4
Conjurations   | |  0.8

Action                   |  1- 3 |  4- 6 |  7- 9 | 10-12 || total
-------------------------+-------+-------+-------+-------++-------
Melee: Falchion          |    11 |       |       |       ||    11
       War axe           |       |       |    21 |    10 ||    31
 Cast: Foxfire           |    86 |    76 |    74 |    33 ||   269
       Scorch            |     6 |    23 |    81 |    19 ||   129
       Inner Flame       |       |       |     3 |     5 ||     8
       Flame Wave        |       |       |     1 |     1 ||     2
Invok: Curse Item        |       |     1 |     3 |     1 ||     5
Evoke: Wand              |       |       |     1 |     1 ||     2
  Use: Scroll            |       |     2 |     4 |       ||     6
Armor: Robe              |    10 |     6 |    38 |     3 ||    57
Dodge: Dodged            |    12 |     9 |    78 |    18 ||   117
       Repelled          |       |       |     1 |       ||     1

Table legend: (Time is in decaauts)
 A = Elapsed time spent in this place.
 B = Non-inter-level travel time spent in this place.
 C = Inter-level travel time spent in this place.
 D = Time resting spent in this place.
 E = Time spent auto-exploring this place.
 F = Levels seen in this place.
 G = Mean time per level.
                   A        B        C        D        E       F      G
               +--------+--------+--------+--------+--------+-----+--------+
         Total |   9801 |   9405 |    396 |    257 |   7772 |   9 | 1089.0 |
       Dungeon |   9801 |   9405 |    396 |    257 |   7772 |   9 | 1089.0 |
               +--------+--------+--------+--------+--------+-----+--------+

Top non-repeatable levels by time:
     D:7: 1988 daAuts
     D:1: 1986 daAuts
     D:9: 1515 daAuts
     D:8: 1346 daAuts
     D:2: 1045 daAuts
     D:3: 853 daAuts
     D:6: 783 daAuts
    D:10: 235 daAuts
     D:4: 44 daAuts
